Cogmind - Beta 15 @@@ ROGUE MODE // 2025.10.18 @ 14:54:31 Player: MAXX-P31 Result: Destroyed by AD-0RF with AD-0RF's Magmablaster Performance ------------- Evolutions (1) 500 Regions Visited (6) 1200 Robots Destroyed (111) 555 Value Destroyed (2332) 2332 Prototype IDs (4) 80 Alien Tech Used (0) 0 Bonus (-677) -677 TOTAL SCORE: 3990 Bonus ------- High Alert Combat Kills 62 Friendly Fire -739 Cogmind --------- Core Integrity 0/400 Matter 259/300 Energy 280/280 System Corruption 12% Temperature Warm (195) Movement Core (1550) Ox30 Location -8/Mines Parts ------- > --- POWER (1) -------- Cooled Ion Engine > --- PROPULSION (2) --- (None) > --- UTILITY (2) ------ Cooling System Huge Storage Unit > --- WEAPON (4) ------- Light Assault Rifle Light Assault Rifle > --- INVENTORY (25) --- Reinforced Ion Engine Cooled Ion Engine Improved Treads Medium Storage Unit Humpback Small Matter Pod (0) Small Matter Pod (0) Small Matter Pod (0) High-capacity Matter Pod (0) Peak State ------------ > --- POWER ------------ Cooled Ion Engine > --- PROPULSION ------- Improved Treads Improved Treads > --- UTILITY ---------- Large Storage Unit Light Armor Plating > --- WEAPON ----------- Light Assault Rifle Heavy Assault Rifle Heavy Assault Rifle Autogun > --- INVENTORY -------- Cooled Ion Engine Cooled Ion Engine Light Treads Improved Treads Improved Treads Cooling System Cooling System Compact Matter Pod Beam Rifle Light Assault Rifle Improved Light Cannon EMP Blaster EMP Blaster Grenade Launcher Rocket Launcher [Rating: 19] Favorites ----------- Power Cooled Ion Engine Engine Cooled Ion Engine Power Core Light Nuclear Core Propulsion Improved Treads Treads Improved Treads Utility Large Storage Unit Device Seismic Detector Storage Large Storage Unit Protection Light Armor Plating Weapon Light Cannon Energy Gun Beam Rifle Energy Cannon Light EM Pulse Cannon Ballistic Gun Heavy Assault Rifle Ballistic Cannon Light Cannon Launcher EMP Blaster Build | -11 -10 -10 -9 -9 -9 -8 ------- Run | Yrd Mat Min Mat Min Exi Min Slots Evolved 2 | . . . 2 . . . Power . | . . . . . . . Propulsion . | . . . . . . . Utility . | . . . . . . . Weapon 2 | . . . 2 . . . Parts Attached 57 | 7 14 1 18 2 11 4 Power 5 | 1 1 . 2 . 1 . Engine 4 | 1 . . 2 . 1 . Core 1 | . 1 . . . . . Reactor . | . . . . . . . Propulsion 13 | 2 4 . 4 . 3 . Treads 13 | 2 4 . 4 . 3 . Leg . | . . . . . . . Wheel . | . . . . . . . Hover . | . . . . . . . Flight . | . . . . . . . Utility 10 | 2 1 . 4 1 1 1 Device 3 | 1 . . . . 1 1 Storage 3 | 1 1 . . 1 . . Processor . | . . . . . . . Hackware . | . . . . . . . Protection 4 | . . . 4 . . . Artifact . | . . . . . . . Weapon 29 | 2 8 1 8 1 6 3 Energy Gun 2 | . . . 1 . 1 . Energy Cannon 4 | . 4 . . . . . Ballistic Gun 13 | 2 . . 6 1 1 3 Ballistic Cannon 4 | . 2 1 . . 1 . Launcher 6 | . 2 . 1 . 3 . Special Weapon . | . . . . . . . Impact Weapon . | . . . . . . . Slashing Weapon . | . . . . . . . Piercing Weapon . | . . . . . . . Special Melee Weapon . | . . . . . . . Unidentified Prototypes 2 | . . . 2 . . . Parts Lost 20 | . 1 . . . 16 3 Power 1 | . . . . . 1 . Propulsion 4 | . . . . . 4 . Utility 2 | . . . . . 1 1 Weapon 13 | . 1 . . . 10 2 Highest Loss Streak 12 | . 1 . . . 12 2 To Critical Strikes 8 | . . . . . 8 . Average Backups 13 | 1 13 15 14 16 8 9 Power 1 | . 1 1 1 2 2 2 Propulsion 2 | . 4 3 3 3 . . Utility 2 | . . 2 2 3 3 6 Weapon 6 | . 8 9 7 7 1 . Tool/Special . | . . . . . . . Unused Backups 25 | . 3 1 7 3 3 8 Power 7 | . . . 2 . 3 2 Propulsion 2 | . 1 . 1 . . . Utility 11 | . 1 . 1 3 . 6 Weapon 5 | . 1 1 3 . . . Tool/Special . | . . . . . . . Average Slot Usage (%) 93 | . 99 100 99 100 68 62 Engine 7 | . 4 . 10 11 8 11 Core 4 | . 9 14 . . . . Treads 23 | . 27 28 22 22 19 8 Device 7 | . 14 14 1 . 9 11 Storage 12 | . 14 14 11 11 11 11 Protection 4 | . . . 9 11 1 . Energy Gun 1 | . . . . . 9 2 Energy Cannon 4 | . 10 14 1 . . . Ballistic Gun 18 | . 11 5 28 44 1 18 Ballistic Cannon 6 | . 4 8 13 . . . Launcher 1 | . 1 . . . 7 . Peak Build Rating 19 | 7 15 14 19 19 19 12 Average Rating 14 | 5 12 14 16 18 12 10 On Entrance 12 | . 7 14 14 19 19 11 Naked Turns . | . . . . . . . Heaviest Build 101 | 14 34 33 43 101 101 93 Greatest Support 46 | 40 46 46 46 46 46 23 Greatest Overweight (x) 10 | . 10 . . 2 4 4 Average Overweight (x) . | . . . . 1 1 3 Largest Inventory Capacity 25 | 8 15 15 15 25 25 25 Average Capacity 17 | 6 14 15 15 24 25 25 Most Carried 23 | 3 15 15 15 17 23 11 Average Carried 13 | 1 14 14 14 16 8 10 Final Capacity 25 | 8 15 15 15 25 25 25 Final Carried 17 | 3 15 15 15 17 10 10 Class Distribution -------------------- 54% | Mutant 23% | Scavenger-Tank 16% | Tank 5% | Gunner Dominant Class ---------------- Mutant | -10/Materials Mutant | -10/Mines Tank | -9/Materials Scavenger-Tank | -9/Mines Mutant | -9/Exiles Mutant | -8/Mines Resources | -11 -10 -10 -9 -9 -9 -8 ----------- Run | Yrd Mat Min Mat Min Exi Min Matter Collected 3450 | 304 558 29 1485 571 389 114 Remotely . | . . . . . . . Salvage Created 4122 | 113 1277 72 1873 516 222 49 Parts 233 | 8 63 3 119 23 9 8 Haulers Intercepted 7 | . 2 . 5 . . . Recyclers Shooed 6 | 1 4 . . 1 . . Parts Field Recycled . | . . . . . . . Retrieved Matter . | . . . . . . . Parts Self-Destructed . | . . . . . . . Prevented . | . . . . . . . Kills | -11 -10 -10 -9 -9 -9 -8 ------- Run | Yrd Mat Min Mat Min Exi Min Combat Hostiles Destroyed 75 | . 23 . 37 7 4 4 Melee 1 | . . . . . 1 . Guns 32 | . . . 20 7 1 4 Cannons 25 | . 11 . 14 . . . AOE 15 | . 10 . 3 . 2 . Classes Destroyed 14 | 2 6 . 3 2 1 . Worker 7 | . 4 . 3 . . . Builder 2 | . 1 . 1 . . . Tunneler 3 | 3 . . . . . . Hauler 7 | . 2 . 5 . . . Recycler 13 | 1 3 1 5 3 . . Mechanic 1 | . . . 1 . . . Operator 1 | . . . 1 . . . Watcher 5 | . 2 . 3 . . . Swarmer 24 | . 5 . 12 3 . 4 Grunt 35 | . 18 . 15 2 . . Brawler 1 | . . . . 1 . . Duelist 1 | . . . . 1 . . Sentry 10 | . . . 10 . . . Assembled 7 | . . . . . 7 . Best Kill Streak 8 | 4 7 1 8 4 3 4 Combat Bots Only 5 | . 5 . 3 4 3 4 Max Kills in Single Turn 4 | 1 3 1 3 2 4 1 Gunslinging 1 | . . . . 1 . . Exploded 2 | . 2 . 2 . 2 . Melee 1 | . . . . . 1 . Uniques/NPCs Destroyed 1 | . . . . . 1 . 8R-AWN (-9/Exiles) Combat | -11 -10 -10 -9 -9 -9 -8 -------- Run | Yrd Mat Min Mat Min Exi Min Hostile Shots Fired 351 | . 84 . 84 18 110 55 Missed 94 | . 25 . 28 5 28 8 Hits 257 | . 59 . 56 13 82 47 Melee 3 | . . . . 3 . . Projectile 254 | . 59 . 56 10 82 47 Critical Strikes 41 | . . . . 1 40 . Part Disruptions 5 | . . . . . 1 4 Damage Taken 3696 | . 642 . 691 183 1663 517 Core 480 | . 78 . 115 7 129 151 Absorbed by Shields . | . . . . . . . Core Remaining (%) 84 | 100 . 68 . . . . Volleys Fired 267 | 12 75 2 86 17 61 14 Largest 4 | 2 2 2 4 4 4 3 Hottest 172 | 40 112 76 172 89 142 60 Shots Fired 690 | 24 132 6 313 67 128 20 Gun 420 | 24 38 3 199 67 69 20 Cannon 207 | . 74 3 112 . 18 . Launcher 63 | . 20 . 2 . 41 . Special . | . . . . . . . Kinetic 534 | 24 59 3 307 67 57 17 Thermal 33 | . . . . . 30 3 Explosive 11 | . . . 2 . 9 . Electromagnetic 112 | . 73 3 4 . 32 . Robot Hit Streak 14 | 5 10 3 14 7 10 4 Robot Miss Streak 6 | 3 6 1 4 5 6 2 Penetration Max . | . . . . . . . Secondary Targets 3 | . . . . 2 1 . Max Gunslinging Chain 1 | . . . . 1 1 . Shots Hit Robots 379 | 16 69 3 171 38 69 13 Core Hits 177 | 6 33 3 77 18 30 10 Critical Kills 1 | . . . . 1 . . Critical Parts Destroyed 1 | . . . . . . 1 Critical Strikes 11 | . 1 . 4 1 4 1 Burn 4 | . . . . . 4 . Destroy 2 | . . . . 1 . 1 Blast 4 | . . . 4 . . . Corrupt 1 | . 1 . . . . . Melee Attacks . | . . . . . . . Impact . | . . . . . . . Slashing . | . . . . . . . Piercing . | . . . . . . . Sneak Attacks . | . . . . . . . Combat Hostiles . | . . . . . . . Follow-up Attacks . | . . . . . . . Damage Inflicted 6774 | 179 1816 93 2719 555 1289 123 Guns 2963 | 165 203 26 1573 523 350 123 Cannons 2289 | . 970 25 995 . 299 . Explosions 1332 | . 638 . 96 . 598 . Melee . | . . . . . . . Ramming 190 | 14 5 42 55 32 42 . Kinetic 4223 | 165 401 26 2522 523 492 94 Thermal 417 | . 195 . . . 193 29 Explosive 409 | . . . 96 . 313 . Electromagnetic 1535 | . 1215 25 46 . 249 . Impact . | . . . . . . . Slashing . | . . . . . . . Piercing . | . . . . . . . Highest Corruption 12 | . 2 2 10 10 12 12 Average Corruption 7 | . 2 2 7 10 11 12 Corruption Purged . | . . . . . . . Corruption Blocked . | . . . . . . . Effects 210 | . 3 8 86 43 65 5 Message Errors 44 | . . 1 18 7 17 1 Matter Fused 46 | . . 1 22 12 10 1 Heat Flow Errors 26 | . . 2 11 6 7 . Energy Discharges 29 | . 1 1 10 5 11 1 Parts Rejected 1 | . . . 1 . . . Parts Fused 4 | . 1 . 2 1 . . Data Loss (minor) 23 | . . . 10 7 5 1 Data Loss (major) 7 | . 1 . 2 4 . . Misfires 10 | . . 2 4 . 4 . Alerts 5 | . . 1 2 . 2 . Misdirections 1 | . . . . . 1 . Weapon Failures 14 | . . . 4 1 8 1 Overload Shots . | . . . . . . . Overflow Damage 88 | . 27 . 11 . 50 . Projectiles 30 | . 19 . 11 . . . Explosions 58 | . 8 . . . 50 . Melee . | . . . . . . . Knockbacks 16 | 1 4 1 6 . 4 . Impact 2 | 1 . 1 . . . . Kinetic 13 | . 4 . 5 . 4 . Secondary 1 | . . . 1 . . . Self-Inflicted Damage 174 | . 10 . 29 . 135 . Shots 10 | . 1 . 1 . 8 . Rammed 45 | 7 1 9 12 3 13 . Targets Rammed 49 | 7 2 9 14 3 14 . Kicked . | . . . . . . . Crushed 4 | . 1 . 2 . 1 . Highest Temperature 312 | . 234 134 312 256 221 165 Average Temperature 73 | . 68 64 80 62 61 70 Received Heat Transfer 1113 | . 234 . 189 30 40 620 Siege Activations . | . . . . . . . Martial Activations . | . . . . . . . Shielding Activations . | . . . . . . . Robots Disrupted . | . . . . . . . Combat Hostiles . | . . . . . . . Robots Corrupted 2 | . 2 . . . . . Combat Hostiles 2 | . 2 . . . . . Parts Fried 2 | . 2 . . . . . Impact Corruptions . | . . . . . . . Robots Melted . | . . . . . . . Combat Hostiles . | . . . . . . . Parts Melted 1 | . . . . . . 1 Heat Transferred 1015 | . 200 . . . 741 74 Parts Sabotaged . | . . . . . . . Parts Stolen . | . . . . . . . Parts Stripped . | . . . . . . . Power Chain Reactions 8 | . 6 . . . 2 . Alert | -11 -10 -10 -9 -9 -9 -8 ------- Run | Yrd Mat Min Mat Min Exi Min Maximum Alert Level 2 | . 1 . 2 1 . . Low Security (%) 75 | 100 76 100 52 98 . 100 Level 1 17 | . 23 . 28 1 . . Level 2 6 | . . . 18 . . . Level 3 . | . . . . . . . Level 4 . | . . . . . . . Level 5 . | . . . . . . . High Security . | . . . . . . . Max Security . | . . . . . . . Peak Influence 617 | 10 331 25 617 200 . 80 Initial 130 | . . 25 . 130 . . Average 141 | 1 130 . 248 69 . 53 Influence Increases 2501 | 20 866 5 1275 245 . 90 Destroy 0b10 Robot/C 1420 | . 460 . 740 140 . 80 Destroy 0b10 Robot/NC 210 | 20 60 5 95 30 . . Destroy Leader 364 | . 118 . 206 30 . 10 Successful Hack 38 | . 15 . 23 . . . Select Force Hacks 90 | . 30 . 60 . . . Disable Machine 135 | . 90 . 30 15 . . Destroy Structure 64 | . 48 . 16 . . . Lose Combat Pursuer 180 | . 45 . 105 30 . . Influence Decreases 2471 | 20 800 71 939 580 1 60 Entered New Map 248 | . . 41 . 206 1 . Time Decay 1583 | 20 490 30 639 374 . 30 Lost Part 40 | . 10 . . . . 30 Purge Threat 600 | . 300 . 300 . . . Squads Dispatched 15 | . 7 . 8 . . . Investigation 10 | . 4 . 6 . . . Extermination . | . . . . . . . Reinforcement 5 | . 3 . 2 . . . Assault . | . . . . . . . Garrison . | . . . . . . . Intercept . | . . . . . . . Searches Triggered . | . . . . . . . Construction Impeded 1 | . . . 1 . . . Haulers Reinforced . | . . . . . . . Active Scanning Responses . | . . . . . . . Cargo Convoy Interrupts . | . . . . . . . Stealth | -11 -10 -10 -9 -9 -9 -8 --------- Run | Yrd Mat Min Mat Min Exi Min Distress Signals 7 | . 1 . 6 . . . Communications Jammed . | . . . . . . . Distress Signals . | . . . . . . . Times Spotted 109 | . 36 . 55 9 4 5 Peak Tracking Total 6 | . 6 . 6 5 5 5 Tactical Retreats 11 | . 3 . 6 1 1 . Traps | -11 -10 -10 -9 -9 -9 -8 ------- Run | Yrd Mat Min Mat Min Exi Min Traps Triggered 9 | . 6 . 3 . . . Indirectly . | . . . . . . . Trap Hack Attempts . | . . . . . . . Triggered . | . . . . . . . Disarmed . | . . . . . . . Reprogrammed . | . . . . . . . Reused . | . . . . . . . Traps Extracted . | . . . . . . . Installed . | . . . . . . . Triggered . | . . . . . . . Machines | -11 -10 -10 -9 -9 -9 -8 ---------- Run | Yrd Mat Min Mat Min Exi Min Machines Disabled 27 | . 6 . 2 1 18 . Max in Single Turn 3 | . 2 . 1 1 3 . Machines Repaired . | . . . . . . . Machines Dismantled . | . . . . . . . Machines Sabotaged . | . . . . . . . Overloaded Fab Kills . | . . . . . . . Hacking | -11 -10 -10 -9 -9 -9 -8 --------- Run | Yrd Mat Min Mat Min Exi Min Machines Accessed 20 | . 4 . 14 . 2 . Terminals 13 | . 2 . 11 . . . Fabricators . | . . . . . . . Repair Stations . | . . . . . . . Recycling Units 4 | . 2 . 2 . . . Scanalyzers 1 | . . . 1 . . . Garrison Access . | . . . . . . . Total Hacks 57 | . 13 . 40 . 4 . Successful 28 | . 8 . 16 . 4 . Failed 29 | . 5 . 24 . . . Catastrophic 5 | . . . 5 . . . Database Lockouts . | . . . . . . . Manual 28 | . 12 . 14 . 2 . Terminals 45 | . 10 . 35 . . . Fabricators . | . . . . . . . Repair Stations . | . . . . . . . Recycling Units 7 | . 3 . 4 . . . Scanalyzers 1 | . . . 1 . . . Garrison Access . | . . . . . . . Terminal Hacks 20 | . 4 . 12 . 4 . Record 4 | . . . . . 4 . Robot Analysis 1 | . . . 1 . . . Prototype ID Bank 1 | . 1 . . . . . Branch Access Points 1 | . . . 1 . . . Emergency Access Points 1 | . . . 1 . . . Alert Level 3 | . 1 . 2 . . . Unreport Threat 4 | . 2 . 2 . . . Locate Traps 1 | . . . 1 . . . Maintenance Status 1 | . . . 1 . . . Hauler Manifests 1 | . . . 1 . . . Registered Components 1 | . . . 1 . . . Zone Layout 1 | . . . 1 . . . Fabricator Hacks . | . . . . . . . Repair Station Hacks . | . . . . . . . Recycling Unit Hacks 1 | . . . 1 . . . Retrieve Components 1 | . . . 1 . . . Scanalyzer . | . . . . . . . Garrison Access Hacks . | . . . . . . . Unauthorized Hacks 6 | . 3 . 3 . . . Terminals 3 | . 2 . 1 . . . Botnet 1 | . 1 . . . . . Skim 1 | . 1 . . . . . Search 1 | . . . 1 . . . Fabricators . | . . . . . . . Repair Stations . | . . . . . . . Recycling Units 2 | . 1 . 1 . . . Tunnel 2 | . 1 . 1 . . . Scanalyzers 1 | . . . 1 . . . Extract 1 | . . . 1 . . . Garrison Access . | . . . . . . . Data Cores Recovered . | . . . . . . . Used . | . . . . . . . Hacking Detections 14 | . 3 . 11 . . . Full Trace Events 5 | . 1 . 4 . . . Feedback Events . | . . . . . . . Feedback Blocked . | . . . . . . . Robot Schematics Acquired . | . . . . . . . Robots Built . | . . . . . . . Authchips . | . . . . . . . Time . | . . . . . . . Total Robot Build Rating . | . . . . . . . Part Schematics Acquired 4 | . . . 4 . . . Parts Built . | . . . . . . . Authchips . | . . . . . . . Time . | . . . . . . . Total Part Build Rating . | . . . . . . . Parts Repaired . | . . . . . . . Time . | . . . . . . . Parts Recycled . | . . . . . . . Recycled Matter . | . . . . . . . Retrieved Matter . | . . . . . . . Retrieved Components 10 | . . . 10 . . . Parts Scanalyzed . | . . . . . . . Part Schematics Acquired . | . . . . . . . Parts Damaged . | . . . . . . . Bothacking | -11 -10 -10 -9 -9 -9 -8 ------------ Run | Yrd Mat Min Mat Min Exi Min Used RIF Installer . | . . . . . . . Robots Hacked . | . . . . . . . Non-combat . | . . . . . . . Combat . | . . . . . . . Robot Hacks Applied . | . . . . . . . Relay Couplers Released . | . . . . . . . Fabnet Peak Effective % . | . . . . . . . Robots Rewired . | . . . . . . . Allies Hacked . | . . . . . . . Hacks Repelled . | . . . . . . . Allies | -11 -10 -10 -9 -9 -9 -8 -------- Run | Yrd Mat Min Mat Min Exi Min Total Allies 1 | . . 1 . . . . Largest Group 1 | . . 1 . . . . Highest-Rated Group 31 | . . 31 . . . . Highest-Rated Ally 31 | . . 31 . . . . Total Orders . | . . . . . . . Ally Attacks . | . . . . . . . Total Damage . | . . . . . . . Kills . | . . . . . . . Allies Corrupted . | . . . . . . . Allies Melted . | . . . . . . . Intel | -11 -10 -10 -9 -9 -9 -8 ------- Run | Yrd Mat Min Mat Min Exi Min Active Infowar (turns) 3617 | 46 2082 1168 321 . . . Seismic 3617 | 46 2082 1168 321 . . . Robot Analysis Total 1 | . . . 1 . . . Derelict Logs Recovered 3 | . . 2 . 1 . . Drone Launches . | . . . . . . . Drone Recoveries . | . . . . . . . Exploration | -11 -10 -10 -9 -9 -9 -8 ------------- Run | Yrd Mat Min Mat Min Exi Min Turns Passed 8792 | 138 2082 1168 2721 1093 1514 76 Spaces Moved 3987 | 52 1073 693 1418 335 407 9 Core 7 | 5 2 . . . . . Treads 3980 | 47 1071 693 1418 335 407 9 Legs . | . . . . . . . Wheels . | . . . . . . . Hover . | . . . . . . . Flight . | . . . . . . . Fastest Speed 50 | 50 160 160 160 160 240 400 Average Speed 187 | 149 160 160 160 305 306 426 Slowest Speed 550 | 160 550 160 160 320 480 480 Overloaded Moves . | . . . . . . . Propulsion Burnouts . | . . . . . . . Robots Hopped . | . . . . . . . Potential Cave-ins . | . . . . . . . Cave-ins Triggered . | . . . . . . . Exploration Rate (%) 59 | 4 97 99 95 72 49 2 Regions Visited 6 Branch Regions 4 Pre-discovered Areas 2 | . 1 . 1 . . . Known Exits Taken 1 | . . . 1 . . . Unknown Exits Taken 5 | 1 1 1 . 1 1 . Scrap Searched 3 | . . 3 . . . . Spaces Dug . | . . . . . . . Terrain Destroyed 258 | . 46 . 14 . 198 . Melee . | . . . . . . . Projectile 2 | . . . . . 2 . AOE 256 | . 46 . 14 . 196 . Terrain Rammed . | . . . . . . . Walls Destroyed . | . . . . . . . Machines Disabled . | . . . . . . . Actions | -11 -10 -10 -9 -9 -9 -8 --------- Run | Yrd Mat Min Mat Min Exi Min Total 4766 | 83 1290 743 1698 367 556 29 Wait 281 | 3 84 36 115 2 40 1 Move 3981 | 51 1072 692 1417 334 406 9 Hop . | . . . . . . . Pick Up 47 | 3 17 1 13 4 9 . Fast Attach 30 | 7 9 1 9 1 . 3 Attach 20 | . 1 . 2 . 16 1 Detach 9 | . 2 . 2 . 4 1 Swap 34 | . 18 . 12 2 2 . Drop 48 | . 10 2 28 4 4 . Fire 267 | 12 75 2 86 17 61 14 Melee . | . . . . . . . Ram . | . . . . . . . Kick . | . . . . . . . Crush 49 | 7 2 9 14 3 14 . Escape Stasis . | . . . . . . . Rewire . | . . . . . . . Trap . | . . . . . . . Miscellaneous . | . . . . . . . Route ------- -11/Scrapyard -10/Materials (discovered 5 exits: *Mat x3 / [*Min] / [*Sub]) -10/Mines (discovered 3 exits: *Mat x2 / [*Sub]) -9/Materials (discovered 4 exits: *Mat x3 / *Min) -9/Mines (discovered 2 exits: *Exi / [*Zio]) -9/Exiles -8/Mines History --------- Turn | Location | Event 3 | -11/Scrapyard | Discovered new exit (range 15) 139 | -11/Scrapyard | Entered Materials 310 | -10/Materials | Build established: Mutant 564 | -10/Materials | Discovered new exit (range 6) 589 | -10/Materials | Discovered new exit (range 6) 790 | -10/Materials | Discovered new exit (range 15) 1165 | -10/Materials | Discovered new exit (range 9) 1755 | -10/Materials | Discovered new exit (range 11) 2221 | -10/Materials | Entered Mines 2224 | -10/Mines | Received a Mining Laser from a helpful Derelict 2263 | -10/Mines | Discovered new exit (range 12) 2686 | -10/Mines | YI-UF0 nonchalantly dropped a Grenade Launcher on the ground 2687 | -10/Mines | Learned Materials terminal intel 2970 | -10/Mines | Discovered new exit (range 7) 2988 | -10/Mines | Learned location of 1 exit from Materials 2988 | -10/Mines | Discovered new exit (range 10) 3389 | -10/Mines | Entered Materials 3389 | -9/Materials | Evolved 2 slots: Weapon x2 3390 | -9/Materials | Identified exit to Materials 3391 | -9/Materials | Loaded intel: 12 terminal locations 3432 | -9/Materials | Identified exit to Mines 3704 | -9/Materials | Build established: Gunner 4021 | -9/Materials | Build established: Tank 5154 | -9/Materials | Discovered exit to Materials (range 6) 5382 | -9/Materials | Discovered exit to Materials (range 10) 5472 | -9/Materials | Build established: Scavenger-Tank 6085 | -9/Materials | System corruption reached 10% 6110 | -9/Materials | Entered Mines 6123 | -9/Mines | A Derelict revealed a hidden shortcut to a safe place 6508 | -9/Mines | Learned Materials garrison access intel 7181 | -9/Mines | Deemed a non-threat by the Exiles lab entrance 7184 | -9/Mines | Discovered new exit (range 5) 7203 | -9/Mines | Entered Exiles 7295 | -9/Exiles | Discovered new exit (range 15) 7335 | -9/Exiles | Met 8R-AWN 7376 | -9/Exiles | Met EX-HEX 7396 | -9/Exiles | Attacked by the Exiles 7421 | -9/Exiles | Murdered 4 allies 7562 | -9/Exiles | Lost 12 parts (1p2n1u8w) 7574 | -9/Exiles | Core integrity fell below 50% 7579 | -9/Exiles | Destroyed 8R-AWN 7857 | -9/Exiles | Build established: Mutant 8717 | -9/Exiles | Entered Mines 8771 | -8/Mines | AD-0RF came to Exiles' defense 8782 | -8/Mines | Core integrity fell below 20% 8793 | -8/Mines | Destroyed by AD-0RF with AD-0RF's Magmablaster Last Messages --------------- 08742_ System corrupted: Matter fused (-5). 08744_ Acquired Lgt. Assault Rifle. 08745_ Acquired 16 matter. 08751_ T-07 Excavator is excavating. 08757_ Acquired Lgt. Assault Rifle. 08760_ System corrupted: Component data lost. 08763_ Acquired 86 matter. 08768_ Acquired 12 matter. 08769_ T-07 Excavator is excavating. 08771_ AD-0RF: "I came as fast as I could... Wait, it was you!" 08773_ T-07 Excavator is excavating. 08775_ System corrupted: Energy discharge (-56). 08777_ T-07 Excavator is excavating. 08778_ Cooling System destroyed. 08782_ T-07 Excavator is excavating. 08782_ AD-0RF suffers critical hit (Destroy). 08782_ Destroyed Prototype Device. 08785_ T-07 Excavator is excavating. 08790_ Lgt. Assault Rifle destroyed. Map ----- +----------------------------------------------------+ | ?????????????????????????????????????????? | | ?????????????????????????????????????????? | | ?????????????????????????????????????????? | | ?????????????????????????????????????????? | | ?????????????????????????????????????????? | | ?????????????????????????????????????????? | | ?????????????????????????????????????????? | | ?????????????????????????????????????????? | | ?????????????????????????????????????????? | | ?????????????????????????????????????????? | | ?????????????????????????????????????????? | | ?????????????????????????????????????????? | | ?????????????????????????????????????????? | | ?????????????????????????????????????????? | | ?????????????????????????????????????????? | | ?????????????????????????????????????????? | | ?????????????????????????????????????????? | | ?????????????????????????????????????????? | | ????????????????#????????????????????????? | | ????????????????? ???????????????????????? | | ?????????????????? ??????????????????????? | | ??????????????????? ?????????##??##??????? | | ???????????????????# ?????### # #??????? | | ???????????????????# ####?# t #??????? | | ???????????????????# i ### ???????? | | ???????????????????# *%@= #????????????? | | ???????????????????### * % #????????????? | | ?????????????????????###= * #????????????? | | ???????????????????????## ##????????????? | | ????????????????????????####?????????????? | | ?????????????????????????????????????????? | | ?????????????????????????????????????????? | | ?????????????????????????????????????????? | | ?????????????????????????????????????????? | | | | | | | | | | | | | | | | | | | | | | | | | | | | | | | | | +----------------------------------------------------+ Best States ------------- Heat Dissipation 50 Energy Generation 14 Energy Capacity 280 Matter Stores 300 Matter Capacity 300 Sight Range 16 Terrain Scan Density 10 Armor Coverage 150 Evasion (%) 40 Recoil Reduction 2 Item Schematics ----------------- Sml. Matter Pod | -9/Materials | Extracted Med. Matter Pod | -9/Materials | Extracted Spread Laser | -9/Materials | Extracted Hvy. Ion Engine | -9/Materials | Extracted Robot Schematics ------------------ None Fabricated ------------ Nothing Repaired ---------- Nothing Alien Tech Used ----------------- None Achievements -------------- None Challenges ------------ None Game ------ Seed TrapShadingDetector Manual? 0 Play Time 00:44:48 Cumulative 254.4 hours Start 2025.10.18 @ 14:09:47 End 2025.10.18 @ 14:54:31 Sessions 1 Manual Loads 0 Difficulty Rogue Special Mode None Game No. 132 Rogue 132 Adventurer 0 Explorer 0 Win Type - Total 5 Types 5/0/0/0/0/0/0/0/0/0 Lore% 55 Gallery% 64 Achievement% 57 Wizard Run 0 Options --------- Layout 1 ASCII 0 Keyboard 0 Movement Numpad Keybinds 0 Fullscreen 1 Font 24/Smallcaps Map View 50x35 Zoom Use 0% Tactical HUD 1 Map Filters NONE Filters NONE Steam 1 RUN: 4c1b6f7d-599c-4316-90ad-7a13e7c3c119